 Dungeon Crawl Stone Soup version 0.28-a0-1130-gc51a68064b (webtiles) character file.

Game seed: 12841400939765181904

4321 SensoryNuts the Slasher (level 10, 0/86 HPs)
             Began as a Minotaur Gladiator on Dec 12, 2021.
             Was an Initiate of Yredelemnul.
             Shot with an arrow by a centaur warrior (17 damage)
             ... on level 8 of the Dungeon.
             The game lasted 00:10:49 (8189 turns).

SensoryNuts the Slasher (Minotaur Gladiator)        Turns: 8189, Time: 00:10:49

Health: 0/86       AC:  5    Str: 32    XL:     10   Next: 11%
Magic:  9/9        EV: 15    Int:  5    God:    Yredelemnul [......]
Gold:   441        SH:  0    Dex: 13    Spells: 9/9 levels left

rFire   . . .      SeeInvis +   s - +4 whip "Fupurein" {drain, Str+4 SInv Stlth-}
rCold   . . .      Faith    .   (no shield)
rNeg    . . .      Spirit   .   v - +2 leather armour {Will+}
rPois   .          Reflect  .   c - +0 hat
rElec   .          Harm     .   (no cloak)
rCorr   .          Rampage  .   (no gloves)
Will    +....                   (no boots)
Stlth   +.........              (no amulet)
HPRegen 0.24/turn               o - +6 ring of strength
MPRegen 0.11/turn               p - +4 ring of slaying

@: no status effects
A: horns 2, retaliatory headbutt
a: Renounce Religion, Recall Undead Harvest


You were on level 8 of the Dungeon.
You worshipped Yredelemnul.
Yredelemnul was noncommittal.
You visited 2 branches of the dungeon, and saw 9 of its levels.

You collected 441 gold pieces.

Inventory:

Hand Weapons
 a - a +0 long sword
 s - the +4 whip "Fupurein" (weapon) {drain, Str+4 SInv Stlth-}
   (You found it on level 6 of the Dungeon)

   A truly terrible weapon, it drains the life of any living foe it strikes.
   Str:       It affects your strength (+4).
   SInv:      It lets you see invisible.
   Stlth:     It makes you less stealthy.
 u - a +1 vampiric short sword
 w - a +2 vorpal dagger
Missiles
 d - 3 throwing nets (quivered)
Armour
 b - a +0 leather armour
 c - a +0 hat (worn)
 v - a +2 leather armour of willpower (worn)
Magical Staves
 q - a staff of death
Jewellery
 g - a ring of fire
 o - a +6 ring of strength (left hand)
 p - a +4 ring of slaying (right hand)
Wands
 l - a wand of polymorph (4)
 t - a wand of acid (8)
 B - a wand of digging (6)
 C - a wand of mindburst (6)
 D - a wand of flame (12)
 F - a wand of paralysis (8)
 H - a wand of iceblast (10)
Scrolls
 e - a scroll of noise
 h - 4 scrolls of teleportation
 n - a scroll of identify
 x - 3 scrolls of enchant weapon
 y - a scroll of silence
 z - a scroll of enchant armour
Potions
 f - 2 potions of brilliance
 i - a potion of attraction
 j - a potion of ambrosia
 k - a potion of might
 m - a potion of cancellation
 r - 2 potions of degeneration


   Skills:
 + Level 7.6 Fighting
 + Level 6.1(7.7) Short Blades
 + Level 7.8(9.0) Long Blades
 + Level 7.0 Maces & Flails
 + Level 2.1 Throwing
 + Level 6.1 Armour
 + Level 7.4 Dodging
 + Level 3.0 Stealth


You had 9 spell levels left.
You didn't know any spells.
Your spell library contained the following spells:

 Spells                   Type           Power      Damage    Failure   Level
 Foxfire                  Conj/Fire      0%         2x1d4     50%         1
 Conjure Flame            Conj/Fire      0%         6-21      86%         3
 Inner Flame              Hex/Fire       0%         N/A       86%         3
 Airstrike                Air            0%         N/A       99%         4
 Flame Wave               Conj/Fire      0%         2d4       99%         4
 Summon Lightning Spire   Summ/Air       0%         N/A       99%         4
 Lightning Bolt           Conj/Air       0%         1d11      100%        5


Dungeon Overview and Level Annotations

Branches:
Dungeon (8/15)             Temple (1/1) D:7
   Lair: D:8-11

Altars:
Ashenzari
Cheibriados
Dithmenos
Elyvilon
Fedhas
Gozag
Kikubaaqudgha
Makhleb
Nemelex Xobeh
Okawaru
Qazlal
Sif Muna
Trog
Uskayaw
Vehumet
Wu Jian
Xom
Yredelemnul
Zin
The Shining One

Shops:
D:4 (

Annotations:
D:8 Joseph


Innate Abilities, Weirdness & Mutations

You have a pair of horns on your head.
You reflexively headbutt those who attack you in melee.


Message History

Found a scroll of silence.
As you read the scroll labelled DYANERCHIRHO, it crumbles to dust.
It was a scroll of blinking.
As you read the scroll labelled COOLAI RIKOGIL, it crumbles to dust.
You speak a Word of immense power!
Your bullfrog zombie convulses!
You destroy your bullfrog zombie!
Yredelemnul forgives your inadvertent holy act, just this once.
It was a scroll of holy word.
You feel a little less mighty now.
Okay, then.
As you read the scroll of teleportation, it crumbles to dust.
You feel strangely unstable.
Joseph, a Mercenary comes into view.
He is wielding a +0 quarterstaff and carrying a wand of paralysis (7).
Joseph shouts!
Joseph zaps a wand.
You resist with almost no effort.
Your surroundings suddenly seem different.
An orc warrior comes into view. It is wielding a +0 dire flail.
Found a knobbly runed staff.
The orc warrior shouts!
You whack the orc warrior! You drain the orc warrior.
Your headbutt misses the orc warrior.
The orc warrior is heavily wounded.
The orc warrior hits you with a +0 dire flail!
* * * LOW HITPOINT WARNING * * *
You thrash the orc warrior!!
You kill the orc warrior!
Your Maces & Flails skill increases to level 7!
Things that are here:
a +0 dire flail; a +0 chain mail You see here a staff of death.
q - a staff of death A centaur warrior comes into view.
The centaur warrior shouts!
Found a thick jewelled staff.
The centaur warrior wields a +0 longbow.
The centaur warrior shoots an arrow.
The arrow closely misses you.
The centaur warrior shoots an arrow.
The arrow hits you!
You die...
Your body rises from the dead as a mindless zombie.

### # #.#### ###|#
##...#####...#
#........c..#
#..#.....#..
.##..##@##..# #.
..#).##.# # #.
..#..##..
#.###..#..##### #
####.#$..##..#####..#
#........#..#.....#..
#.......(#)..........
#.......##(..#####...
####.#..#)####...####


You could see a centaur warrior.

Vanquished Creatures
  A centaur warrior (D:8)
  An unseen horror (D:8)
  A hornet (D:7)
  A shadow (D:8)
  A steam dragon (D:8)
  3 water moccasins
  3 ice beasts
  An orc warrior (D:8)
  A black bear (D:6)
  A necrophage (D:7)
  2 centaurs
  2 bullfrogs (D:8)
  A gnoll sergeant (D:8)
  A scorpion (D:7)
  A water moccasin zombie (D:5)
  2 water moccasin skeletons
  2 howler monkeys
  A centaur zombie (D:8)
  2 jellies (D:5)
  A bullfrog zombie (D:8)
  5 orc priests
  4 hounds
  3 centaur skeletons
  A gnoll shaman (D:7)
  2 bullfrog skeletons
  6 iguanas
  Natasha (thrice) (D:3)
  10 orc wizards
  Robin (D:2)
  8 gnolls
  6 adders
  A white imp (D:8)
  2 worms (D:3)
  2 dart slugs
  29 orcs
  9 ball pythons
  6 bats
  4 endoplasms
  2 giant cockroaches
  20 goblins
  8 hobgoblins
  8 jackals
  6 kobolds
  2 quokkas
  8 frilled lizards
  A rat (D:2)
186 creatures vanquished.

Vanquished Creatures (collateral kills)
  A centaur (D:8)
  A kobold brigand (D:8)
  A centaur zombie (D:8)
  A centaur skeleton (D:7)
4 creatures vanquished.

Vanquished Creatures (others)
  A spectral unseen horror (D:8)
  2 water moccasin zombies
  2 centaur zombies (D:8)
  A gnoll zombie (D:8)
  A spectral white imp (D:8)
  4 orc zombies
  4 plants (D:3)
15 creatures vanquished.

Grand Total: 205 creatures vanquished

Notes
Turn   | Place    | Note
-------+----------+-------------------------------------------
     0 | D:1      | SensoryNuts the Minotaur Gladiator began the quest for the
                  | Orb.
     0 | D:1      | Reached XP level 1. HP: 18/18 MP: 0/0
    22 | D:1      | Found a faded altar of an unknown god.
   243 | D:1      | Reached XP level 2. HP: 25/25 MP: 1/1
   940 | D:2      | Reached XP level 3. HP: 30/30 MP: 2/2
  1310 | D:2      | Noticed Robin
  1313 | D:2      | Killed Robin
  1319 | D:2      | Reached skill level 1 in Armour
  1747 | D:3      | Reached XP level 4. HP: 14/37 MP: 3/3
  2319 | D:3      | Noticed Natasha
  2326 | D:3      | Killed Natasha
  2327 | D:3      | Reached skill level 5 in Long Blades
  2327 | D:3      | Reached XP level 5. HP: 36/45 MP: 4/4
  2461 | D:3      | Found an iron altar of Okawaru.
  2536 | D:3      | Noticed Natasha
  2540 | D:3      | Killed Natasha
  2554 | D:3      | Noticed Natasha
  2559 | D:3      | Killed Natasha
  2782 | D:3      | Reached XP level 6. HP: 16/51 MP: 5/5
  3667 | D:4      | Found a shadowy altar of Dithmenos.
  4069 | D:4      | Reached skill level 1 in Short Blades
  4069 | D:4      | Reached XP level 7. HP: 54/59 MP: 6/6
  4270 | D:4      | Found Idwaso's Weapon Shoppe.
  4425 | D:5      | Entered Level 5 of the Dungeon
  4442 | D:5      | Reached skill level 5 in Dodging
  4837 | D:5      | Reached skill level 1 in Stealth
  4875 | D:5      | Found a shimmering blue altar of Sif Muna.
  4913 | D:5      | Reached skill level 5 in Fighting
  5012 | D:5      | Reached XP level 8. HP: 68/68 MP: 7/7
  5417 | D:6      | Identified the +4 whip "Fupurein" {drain, Str+4 SInv
                  | Stlth-}
  5454 | D:6      | Found a sparkling altar of Nemelex Xobeh.
  5639 | D:6      | Reached skill level 5 in Short Blades
  6264 | D:7      | Reached skill level 1 in Maces & Flails
  6397 | D:7      | Found a staircase to the Ecumenical Temple.
  6420 | D:7      | Found a stormy altar of Qazlal.
  6480 | Temple   | Entered the Ecumenical Temple
  6564 | Temple   | Became a worshipper of Yredelemnul the Dark
  6820 | D:7      | Reached * piety under Yredelemnul
  7024 | D:7      | Reached ** piety under Yredelemnul
  7025 | D:7      | Reached skill level 5 in Armour
  7025 | D:7      | Reached XP level 9. HP: 50/75 MP: 8/8
  7301 | D:7      | Reached *** piety under Yredelemnul
  7526 | D:7      | Found a snail-covered altar of Cheibriados.
  8078 | D:8      | Noticed an unseen horror
  8083 | D:8      | Killed an unseen horror
  8084 | D:8      | Reached skill level 5 in Maces & Flails
  8090 | D:8      | Noticed a centaur warrior
  8109 | D:8      | Killed a centaur warrior
  8110 | D:8      | Reached XP level 10. HP: 13/86 MP: 9/9
  8160 | D:8      | Noticed a cyclops
  8166 | D:8      | Noticed Joseph
  8187 | D:8      | Noticed a centaur warrior
  8189 | D:8      | Shot with an arrow by a centaur warrior

Illustrated notes

Levels and vault maps discovered:
D:1:      erik_arrival_triangle_small, layout_basic,
          shapermc_ecumenical_altar_venn, corner_web_ring
D:2:      layout_loops_cross, grunt_ministairs_13, minmay_lizard_pond,
          uniq_robin
D:3:      cheibrodos_old_hovel, layout_basic, okawaru_altar_gauntlet_db,
          nicolae_elevator_lobby_asterisk, uniq_natasha
D:4:      minmay_diamond_boxcup, layout_cave_pods, mainiacjoe_overflow_alcove_1,
          serial_shops, nicolae_shop_hallway_stairs
D:5:      layout_loops_cross, nicolae_sif_muna_little_library,
          minmay_misc_feat_secret_circle, minmay_crystal_room
D:6:      layout_gridville, mainiacjoe_overflow_catwalk
D:7:      layout_gridville, grunt_qazlal_clouds, kennysheep_slug_shrine,
          minmay_temple_entry_glass, enter_bailey_3
D:8:      layout_rooms, mainiacjoe_overflow_paths,
          nicolae_ru_great_annihilating_truth, minmay_pinched_square,
          uniq_joseph
Temple:   eino_temple_lava

Skill      XL: |  1  2  3  4  5  6  7  8  9 10 |
---------------+-------------------------------+-----
Long Blades    | 4 5 6 7 |  7.8
Dodging        | 4 5 6 7 |  7.4
Armour         | 1 2 3 4 5 6 |  6.1
Fighting       | 3 4 5 6 7 |  7.6
Short Blades   | 1 3 5 6 |  6.1
Stealth        | 1 2 3 |  3.0
Maces & Flails | 2 6 7 |  7.0
Throwing       | |  2.1

Action                   |  1- 3 |  4- 6 |  7- 9 | 10-12 || total
-------------------------+-------+-------+-------+-------++-------
Melee: Long sword        |    94 |    70 |       |       ||   164
       Headbutt          |    10 |    13 |    42 |     2 ||    67
       Short sword       |       |    31 |    64 |       ||    95
       Whip              |       |       |    94 |     5 ||    99
  Use: Scroll            |       |       |    18 |     3 ||    21
       Potion            |       |       |     4 |       ||     4
Armor: Leather armour    |    29 |    19 |    47 |       ||    95
Dodge: Dodged            |    76 |    66 |   121 |     2 ||   265

Table legend: (Time is in decaauts)
 A = Elapsed time spent in this place.
 B = Non-inter-level travel time spent in this place.
 C = Inter-level travel time spent in this place.
 D = Time resting spent in this place.
 E = Time spent auto-exploring this place.
 F = Levels seen in this place.
 G = Mean time per level.
                   A        B        C        D        E       F      G
               +--------+--------+--------+--------+--------+-----+--------+
         Total |   8209 |   8209 |      0 |      0 |   6629 |   9 |  912.1 |
       Dungeon |   8109 |   8109 |      0 |      0 |   6584 |   8 | 1013.6 |
        Temple |     99 |     99 |      0 |      0 |     45 |   1 |   99.0 |
               +--------+--------+--------+--------+--------+-----+--------+

Top non-repeatable levels by time:
     D:7: 1717 daAuts
     D:3: 1622 daAuts
     D:4: 1317 daAuts
     D:2: 987 daAuts
     D:6: 892 daAuts
     D:1: 754 daAuts
     D:5: 644 daAuts
     D:8: 172 daAuts
  Temple: 99 daAuts
